 Dungeon Crawl Stone Soup version 0.17-a0-1582-ge6b0260 (webtiles) character file.

39 Chiseanne the Skirmisher (level 3, 22/28 HPs)
             Began as a Demonspawn Wanderer on July 28, 2015.
             Quit the game on level 2 of the Dungeon.
             The game lasted 00:03:20 (1185 turns).

Chiseanne the Skirmisher (Demonspawn Wanderer)      Turns: 1185, Time: 00:03:20

Health: 22/28      AC:  2    Str: 12    XL:     3   Next: 26%
Magic:  5/5        EV: 12    Int: 15    God:
Gold:   52         SH:  0    Dex: 11    Spells: 1 memorised, 4 levels left

rFire  . . .     SeeInvis .     a - +3 quarterstaff
rCold  + . .     Clarity  .     d - +0 robe
rNeg   . . .     SustAt   .     (no shield)
rPois  +         Gourm    .     (helmet restricted)
rElec  .         Spirit   .     (no cloak)
rCorr  .         Warding  .     (no gloves)
rMut   .         Stasis   .     (no boots)
MR     .....                    (no amulet)
Stlth  ++........               (no ring)
                                g - ring of poison resistance

@: not resistant to hostile enchantments, unstealthy
A: antennae 1, cold resistance 1
a: no special abilities


You were on level 2 of the Dungeon.
You were not hungry.

You visited 1 branch of the dungeon, and saw 2 of its levels.

You collected 52 gold pieces.

Inventory:

Hand weapons
 a - a +3 quarterstaff (weapon)
Missiles
 k - 39 bolts
Armour
 d - a +0 robe (worn)
Jewellery
 g - a ring of poison resistance (left hand)
 h - an uncursed ring of magical power
 j - a cursed ring of loudness {unknown}
Scrolls
 m - a scroll of magic mapping
 n - 2 scrolls of enchant weapon
Potions
 c - 5 potions of lignification
 e - a potion of ambrosia
 i - a potion of magic
 l - a potion of might
Books
 b - the Compendium of Shape Shifting

   Spells                             Type                      Level
   a - Beastly Appendage              Transmutation                1
   b - Sticks to Snakes               Transmutation                2
Comestibles
 f - 3 bread rations
 o - a beef jerky


   Skills:
 * Level 2.7 Fighting
 - Level 1.0 Staves
 + Level 1.2 Dodging
 - Level 2.6 Stealth
 * Level 1.9 Spellcasting
   Level 1.1 Necromancy
 + Level 0.8 Transmutations
   Level 1.0 Fire Magic


You had 4 spell levels left.
You knew the following spells:

 Your Spells              Type           Power        Failure   Level  Hunger
a - Beastly Appendage     Trmt           #.....       17%         1    ##.....


Dungeon Overview and Level Annotations

Branches:
Dungeon (2/15)

Altars:


Innate Abilities, Weirdness & Mutations

You have a pair of small antennae on your head.
Your flesh is cold resistant.


Message History

an adder corpse; a giant gecko corpse You now have 52 gold pieces (gained 11).
You are feeling hungry.
There is an open door, spattered with blood here.
Things that are here:
an adder corpse; a giant gecko corpse You butcher the giant gecko corpse.
p - a chunk of flesh
There is an open door, spattered with blood here.
Things that are here:
an adder corpse; a giant gecko skeleton Eating a chunk of flesh.
This raw flesh tastes terrible.
You continue eating. x2
A kobold comes into view. It is wielding a club.
You see here 16 stones.
The kobold hits you with a club.
You sock the kobold!
You kill the kobold!
You see here a club.
Are you sure you want to abandon this character and quit the game? (Confirm with "yes".)

,,,,,* *,,*,***,*,*,* *,*
,,<,,***,,*,***,*.#,****,*******
,,,,,,,,,,,,,,,,,..,,,,,,,,,>,,*
,,,,,***,,*,,,,,*.#,************
,,,,,,,,,,,,***##.#.#
,,,,,***,,,,,,,...#.#** ,,,,,*
*,***,*,#.##...# ,,,,,*
*,,,,,,,#.##.#.# ,,,,,*
*,,**,,,#@##.#.# ******
*,,**,,,#.##.#.#
*,,,,,,,#(.....###
*,***,,,##.......#
*,***,*,*#.......#
*,*,*,*,*#.......#
*****,,,*.#,,#.......#
*,,,,,,,,...,###†#####
*,,,,,,,,....#....#


There were no monsters in sight!

Vanquished Creatures
  An adder (D:2)
  A giant gecko (D:2)
  A giant cockroach (D:1)
  2 goblins (D:1)
  5 hobgoblins (D:1)
  5 kobolds
  9 bats
  4 rats
28 creatures vanquished.

Notes
Turn   | Place    | Note
--------------------------------------------------------------
     0 | D:1      | Chiseanne the Demonspawn Wanderer began the quest for the Orb.
     0 | D:1      | Chiseanne set off with: a +2 quarterstaff, the Compendium of Shape Shifting, a potion of lignification, a +0 robe, a +0 dagger, a bread ration
     0 | D:1      | Reached XP level 1. HP: 16/16 MP: 2/2
     2 | D:1      | Identified the Compendium of Shape Shifting
     4 | D:1      | Learned a level 1 spell: Beastly Appendage
   201 | D:1      | Gained mutation: Your flesh is cold resistant. [demonic ancestry]
   201 | D:1      | Reached XP level 2. HP: 8/22 MP: 4/4
   981 | D:2      | Gained mutation: You have a pair of small antennae on your head. [demonic ancestry]
   981 | D:2      | Reached XP level 3. HP: 21/28 MP: 5/5
  1185 | D:2      | Quit the game

Vault maps used:
D:1:      dpeg_arrival_tiny_a
D:2:      first_bread, uniq_crazy_yiuf_cottage

Action                   || total
-------------------------++-------
Melee: Quarterstaff      ||    71
  Use: Scroll            ||     7
 Stab: Sleeping          ||     5
  Eat: Chunk             ||     1
